 Dungeon Crawl Stone Soup version 0.28.0-45-g0d030f2227 (webtiles) character file.

Game seed: 9679932031353825965

9215 DearestLeader the Blocker (level 11, -46/89 HPs)
             Began as a Gnoll Fighter on Mar 31, 2022.
             Was an Elder of Okawaru.
             Killed from afar by a storm dragon (47 damage)
             ... with a bolt of lightning
             ... on level 10 of the Dungeon on Apr 1, 2022.
             The game lasted 00:17:37 (12201 turns).

DearestLeader the Blocker (Gnoll Fighter)          Turns: 12201, Time: 00:17:37

Health: -46/89     AC: 24    Str: 33    XL:     11   Next: 43%
Magic:  0/22       EV: 13    Int: 10    God:    Okawaru [****..]
Gold:   690        SH:  7    Dex: 11    Spells: 19/22 levels left

rFire   . . .      SeeInvis +   x - +0 flail (venom)
rCold   . . .      Faith    .   c - +0 buckler
rNeg    . . .      Spirit   +   D - +6 chain mail of the Unseen Realm {rPois Str+6 Stlth+}
rPois   +          Reflect  .   i - +0 helmet
rElec   .          Harm     .   (no cloak)
rCorr   .          Rampage  .   v - +0 pair of gloves
Will    +++..                   r - +0 pair of boots
Stlth   ++........              q - amulet of guardian spirit
HPRegen 0.24/turn               e - ring of Balance {Will+ Str+6 Int+3 SInv}
MPRegen 0.18/turn               o - ring of willpower

@: silenced, heroic, finesse-ful
A: fangs 1, strong nose, distributed training, high MP 1, strong-willed 1
a: Renounce Religion


You were on level 10 of the Dungeon.
You worshipped Okawaru.
Okawaru was greatly pleased with you.
You visited 2 branches of the dungeon, and saw 11 of its levels.

You collected 690 gold pieces.

Inventory:

Hand Weapons
 a - a +0 war axe
 h - a +2 battleaxe of freezing
 w - a +2 hunting sling of flaming
 x - a +0 flail of venom (weapon)
Missiles
 A - 15 sling bullets
Armour
 c - a +0 buckler (worn)
 i - a +0 helmet (worn)
 r - a +0 pair of boots (worn)
 v - a +0 pair of gloves (worn)
 D - the +6 chain mail of the Unseen Realm (worn) {rPois Str+6 Stlth+}
   (You found it on level 8 of the Dungeon)

   Str:       It affects your strength (+6).
   rPois:     It protects you from poison.
   Stlth:     It makes you more stealthy.
Jewellery
 e - the ring of Balance (left hand) {Will+ Str+6 Int+3 SInv}
   (You found it on level 8 of the Dungeon)

   [ring of strength]

   Str:       It affects your strength (+6).
   Int:       It affects your intelligence (+3).
   SInv:      It lets you see invisible.
   Will:      It increases your willpower.
 o - a ring of willpower (right hand)
 q - an amulet of guardian spirit (around neck)
Wands
 B - a wand of iceblast (15)
 C - a wand of flame (12)
Scrolls
 d - a scroll of identify
 j - a scroll of immolation {unknown}
 k - 3 scrolls of magic mapping {unknown}
 l - 2 scrolls of vulnerability
 m - 2 scrolls of amnesia {unknown}
 p - a scroll of blinking
 s - a scroll of enchant weapon {unknown}
 t - a scroll of teleportation {unknown}
 u - a scroll of enchant armour {unknown}
 y - a scroll of fear {unknown}
Potions
 b - 2 potions of mutation
 g - a potion of brilliance
 n - a potion of magic


   Skills:
 + Level 9.2(14.2) Fighting
 + Level 6.3(11.3) Short Blades
 + Level 6.3(11.3) Long Blades
 + Level 7.9(12.9) Axes
 + Level 6.3(11.3) Maces & Flails
 + Level 6.3(11.3) Polearms
 + Level 6.3(11.3) Staves
 + Level 6.3(11.3) Slings
 + Level 6.3(11.3) Bows
 + Level 6.3(11.3) Crossbows
 + Level 6.3(11.3) Throwing
 + Level 9.2(14.2) Armour
 + Level 6.3(11.3) Dodging
 + Level 6.3(11.3) Stealth
 + Level 9.2(14.2) Shields
 + Level 6.3(11.3) Unarmed Combat
 + Level 6.3 Spellcasting
 + Level 5.2 Conjurations
 + Level 5.2 Hexes
 + Level 5.2 Summonings
 + Level 5.2 Necromancy
 + Level 5.2 Translocations
 + Level 5.2 Transmutations
 + Level 5.2 Fire Magic
 + Level 5.2 Ice Magic
 + Level 5.2 Air Magic
 + Level 5.2 Earth Magic
 + Level 5.2 Poison Magic
 + Level 6.9 Invocations
 + Level 6.3 Evocations


You had 19 spell levels left.
You knew the following spells:

 Your Spells              Type           Power      Damage    Failure   Level
a - Ensorcelled Hibernat  Hex/Ice        26%        N/A       12%         2
b - Magic Dart            Conj           52%        1d5       9%          1

Your spell library contained the following spells:

 Spells                   Type           Power      Damage    Failure   Level
 Beastly Appendage        Tmut           26%        N/A       9%          1
 Wereblood                Tmut           13%        N/A       12%         2
 Dazzling Flash           Conj/Hex       26%        N/A       24%         3
 Mephitic Cloud           Conj/Pois/Air  13%        N/A       24%         3
 Spider Form              Tmut/Pois      13%        N/A       24%         3
 Anguish                  Hex/Necr       6%         N/A       63%         4
 Agony                    Necr           13%        N/A       92%         5
 Fireball                 Conj/Fire      6%         3d5       92%         5
 Silence                  Hex/Air        6%         N/A       92%         5
 Summon Small Mammal      Summ           Unusable   N/A       N/A         1
 Call Imp                 Summ           Unusable   N/A       N/A         2
 Dragon's Call            Summ           Unusable   N/A       N/A         9

Dungeon Overview and Level Annotations

Branches:
Dungeon (10/15)            Temple (1/1) D:7            Lair (0/6) D:10
    Orc: D:9-12

Altars:
Cheibriados
Dithmenos
Gozag
Kikubaaqudgha
Nemelex Xobeh
Okawaru
Trog
Uskayaw
Yredelemnul
The Shining One

Shops:
D:7 !

Portals:
Trove: D:10 (show abyssal rune of Zot)


Innate Abilities, Weirdness & Mutations

You have very sharp teeth.
Your uncanny sense of smell can sniff out nearby items.
Your experience applies equally to all skills.
You have an increased reservoir of magic. (+10% MP)
You are strong-willed. (Will+)


Message History

You closely miss the storm dragon.
You bite the storm dragon, but do no damage.
The storm dragon is lightly wounded.
The storm dragon bites you but does no damage.
The storm dragon claws you but does no damage.
The storm dragon tramples you but does no damage.
You closely miss the storm dragon.
The storm dragon is lightly wounded.
You sock the storm dragon!
The storm dragon looks as sick as possible!
The storm dragon is lightly wounded.
You block the storm dragon's attack. The storm dragon barely misses you. x2
You completely miss the storm dragon.
The storm dragon is moderately wounded.
The storm dragon breathes lightning at you.
The bolt of lightning hits you!!
* * * LOW HITPOINT WARNING * * *
You see here 27 arrows.
You sock the storm dragon!
You bite the storm dragon, but do no damage.
The storm dragon is moderately wounded.
The storm dragon bites you!
* * * LOW HITPOINT WARNING * * *
The storm dragon claws you but does no damage.
The storm dragon tramples you but does no damage.
You bludgeon the storm dragon!!
The storm dragon looks as sick as possible!
The storm dragon is severely wounded.
The storm dragon bites you!
* * * LOW HITPOINT WARNING * * *
The storm dragon claws you but does no damage.
The storm dragon closely misses you.
You hit the storm dragon.
You bite the storm dragon, but do no damage.
The storm dragon is severely wounded.
The storm dragon breathes lightning at you.
The bolt of lightning hits you but does no damage.
The bolt of lightning hits you!!!
Ouch! That really hurt!
You die...

#.......#. ##...##...
##....<....
#..........
#..........
#####..........
########....#.........
#..D..##.##......##>..
#.###@#...#.##########
#.# #...∩...# #.#
###...#.# #.# ##.##.#
#(# #....# #(# ######
#.# #.# #.#


You could see a storm dragon (extremely poisoned, catching breath).

Vanquished Creatures
  A boulder beetle (D:10)
  A hydra (D:10)
  Erica (D:8)
  A phantasmal warrior (D:10)
  A deep elf pyromancer (D:10)
  An ugly thing (D:9)
  A komodo dragon (D:10)
  A hornet (D:8)
  Sigmund (D:2)
  A wraith (D:9)
  2 yaks
  5 wyverns
  Menkaure (D:7)
  2 water moccasins
  3 orc warriors
  2 black bears
  A sky beast (D:6)
  An ice beast (D:6)
  3 ogres
  6 centaurs
  A phantom (D:6)
  4 bullfrogs
  2 kobold brigands
  A scorpion (D:6)
  4 killer bees (D:8)
  4 wights (D:7)
  9 crimson imps (D:8)
  3 centaur zombies
  5 hounds
  A jelly (D:6)
  5 orc priests
  3 centaur skeletons
  7 iguanas
  9 orc wizards
  A hound skeleton (D:4)
  2 howler monkey zombies
  Robin (D:2)
  5 gnolls
  3 adders
  2 dart slugs
  35 orcs
  7 endoplasms
  3 giant cockroaches
  12 goblins
  8 hobgoblins
  6 jackals (D:1)
  14 kobolds
  A quokka (D:3)
  11 ball pythons
  5 bats
  4 frilled lizards (D:1)
  13 rats
227 creatures vanquished.

Vanquished Creatures (others)
  A centaur warrior (D:10)
  8 plants (D:1)
9 creatures vanquished.

Grand Total: 236 creatures vanquished

Notes
Turn   | Place    | Note
-------+----------+-------------------------------------------
     0 | D:1      | DearestLeader the Gnoll Fighter began the quest for the
                  | Orb.
     0 | D:1      | Reached XP level 1. HP: 23/23 MP: 1/1
   190 | D:1      | Reached XP level 2. HP: 29/29 MP: 2/2
   467 | D:1      | Reached XP level 3. HP: 31/35 MP: 3/3
   640 | D:1      | Reached skill level 1 in Invocations
   746 | D:1      | Found a faded altar of an unknown god.
  1006 | D:2      | Identified the +3 chain mail of Qiysie Vuud {Str+8}
  1099 | D:2      | Noticed Sigmund
  1129 | D:1      | Reached skill level 1 in Short Blades
  1129 | D:1      | Reached skill level 1 in Long Blades
  1129 | D:1      | Reached skill level 1 in Maces & Flails
  1129 | D:1      | Reached skill level 1 in Polearms
  1129 | D:1      | Reached skill level 1 in Staves
  1129 | D:1      | Reached skill level 1 in Slings
  1129 | D:1      | Reached skill level 1 in Bows
  1129 | D:1      | Reached skill level 1 in Crossbows
  1129 | D:1      | Reached skill level 1 in Throwing
  1129 | D:1      | Reached skill level 1 in Dodging
  1129 | D:1      | Reached skill level 1 in Stealth
  1129 | D:1      | Reached skill level 1 in Unarmed Combat
  1129 | D:1      | Reached skill level 1 in Spellcasting
  1129 | D:1      | Reached skill level 1 in Evocations
  1129 | D:1      | Reached XP level 4. HP: 16/41 MP: 5/5
  1480 | D:2      | Noticed Robin
  1636 | D:1      | Reached skill level 1 in Conjurations
  1636 | D:1      | Reached skill level 1 in Hexes
  1636 | D:1      | Reached skill level 1 in Summonings
  1636 | D:1      | Reached skill level 1 in Necromancy
  1636 | D:1      | Reached skill level 1 in Translocations
  1636 | D:1      | Reached skill level 1 in Transmutations
  1636 | D:1      | Reached skill level 1 in Fire Magic
  1636 | D:1      | Reached skill level 1 in Ice Magic
  1636 | D:1      | Reached skill level 1 in Air Magic
  1636 | D:1      | Reached skill level 1 in Earth Magic
  1636 | D:1      | Reached skill level 1 in Poison Magic
  1703 | D:2      | Killed Robin
  1704 | D:2      | Reached XP level 5. HP: 47/47 MP: 6/6
  1785 | D:2      | Got Fatekab's Compendium of Creative Fire
  2156 | D:2      | Killed Sigmund
  2157 | D:2      | Reached XP level 6. HP: 53/53 MP: 8/8
  2856 | D:3      | Reached skill level 5 in Axes
  3172 | D:3      | Found a hide-covered altar of Uskayaw.
  3324 | D:3      | You fall into a shaft and drop 2 floors!
  3324 | D:5      | Entered Level 5 of the Dungeon
  3324 | D:5      | Noticed a water moccasin
  3332 | D:5      | Gained mutation: You have an increased reservoir of magic.
                  | (+10% MP) [potion of mutation]
  3332 | D:5      | Gained mutation: You are strong-willed. (Will+) [potion of
                  | mutation]
  3343 | D:5      | Killed a water moccasin
  3344 | D:5      | Reached XP level 7. HP: 60/60 MP: 11/11
  4995 | D:5      | Reached XP level 8. HP: 67/67 MP: 13/13
  5337 | D:5      | Found an ancient bone altar of Kikubaaqudgha.
  5337 | D:5      | Found a sparkling altar of Nemelex Xobeh.
  5981 | D:6      | Found a snail-covered altar of Cheibriados.
  6218 | D:6      | Reached XP level 9. HP: 73/73 MP: 14/16
  6361 | D:6      | Found an opulent altar of Gozag.
  6521 | D:7      | Found Ugrarr's Distillery.
  6717 | D:7      | Found a staircase to the Ecumenical Temple.
  6740 | Temple   | Entered the Ecumenical Temple
  6748 | Temple   | Became a worshipper of Warmaster Okawaru
  6838 | D:7      | Found a glowing golden altar of the Shining One.
  7380 | D:7      | Noticed Menkaure
  7382 | D:7      | Killed Menkaure
  7827 | D:8      | Noticed a hornet
  7834 | D:8      | Paralysed by a hornet for 1 turns
  7839 | D:8      | Paralysed by a hornet for 2 turns
  7842 | D:8      | Killed a hornet
  7842 | D:8      | Reached * piety under Okawaru
  8105 | D:8      | Reached skill level 5 in Invocations
  8325 | D:8      | Identified the +6 chain mail of the Unseen Realm {rPois
                  | Str+6 Stlth+}
  8350 | D:8      | Noticed Erica
  8389 | D:8      | Killed Erica
  8389 | D:8      | Reached ** piety under Okawaru
  8390 | D:8      | Reached skill level 5 in Short Blades
  8390 | D:8      | Reached skill level 5 in Long Blades
  8390 | D:8      | Reached skill level 5 in Maces & Flails
  8390 | D:8      | Reached skill level 5 in Polearms
  8390 | D:8      | Reached skill level 5 in Staves
  8390 | D:8      | Reached skill level 5 in Slings
  8390 | D:8      | Reached skill level 5 in Bows
  8390 | D:8      | Reached skill level 5 in Crossbows
  8390 | D:8      | Reached skill level 5 in Throwing
  8390 | D:8      | Reached skill level 5 in Dodging
  8390 | D:8      | Reached skill level 5 in Stealth
  8390 | D:8      | Reached skill level 5 in Unarmed Combat
  8390 | D:8      | Reached skill level 5 in Spellcasting
  8390 | D:8      | Reached skill level 5 in Evocations
  8390 | D:8      | Reached XP level 10. HP: 6/81 MP: 17/19
  8926 | D:8      | Identified the ring of Balance {Will+ Str+6 Int+3 SInv}
  9502 | D:8      | Found a bloodstained altar of Trog.
  9509 | D:8      | Found a shadowy altar of Dithmenos.
 10035 | D:9      | Reached *** piety under Okawaru
 10035 | D:9      | Received a gift from Okawaru
 10508 | D:10     | Entered Level 10 of the Dungeon
 10918 | D:10     | Found a staircase to the Lair.
 10940 | D:10     | Found a portal to a secret trove of treasure.
 10975 | D:10     | Received a gift from Okawaru
 11114 | D:10     | Noticed a boulder beetle
 11114 | D:10     | Noticed a centaur warrior
 11114 | D:10     | Noticed an eight-headed hydra
 11114 | D:10     | Noticed a purple ugly thing
 11114 | D:10     | Noticed a deep elf pyromancer
 11127 | D:10     | Killed a centaur warrior
 11158 | D:10     | Killed an eight-headed hydra
 11159 | D:10     | Reached XP level 11. HP: 70/87 MP: 14/21
 11218 | D:10     | Reached **** piety under Okawaru
 11362 | D:9      | Killed a purple ugly thing
 11363 | D:9      | Reached skill level 5 in Conjurations
 11363 | D:9      | Reached skill level 5 in Hexes
 11363 | D:9      | Reached skill level 5 in Summonings
 11363 | D:9      | Reached skill level 5 in Necromancy
 11363 | D:9      | Reached skill level 5 in Translocations
 11363 | D:9      | Reached skill level 5 in Transmutations
 11363 | D:9      | Reached skill level 5 in Fire Magic
 11363 | D:9      | Reached skill level 5 in Ice Magic
 11363 | D:9      | Reached skill level 5 in Air Magic
 11363 | D:9      | Reached skill level 5 in Earth Magic
 11363 | D:9      | Reached skill level 5 in Poison Magic
 11366 | D:9      | Learned a level 2 spell: Ensorcelled Hibernation
 11533 | D:10     | Killed a boulder beetle
 11840 | D:10     | Learned a level 1 spell: Magic Dart
 11847 | D:10     | Killed a deep elf pyromancer
 12021 | D:10     | Noticed a phantasmal warrior
 12034 | D:10     | Killed a phantasmal warrior
 12170 | D:10     | Noticed a storm dragon
 12198 | D:10     | HP: 1/89 [storm dragon (6)]
 12201 | D:10     | Killed from afar by a storm dragon

Illustrated notes

Levels and vault maps discovered:
D:1:      onia_arrival_pyramid, layout_loops_ring,
          shapermc_ecumenical_altar_totnotflames, serial_bayou,
          serial_bayou_pond_e, serial_bayou_pond_e, serial_bayou_pond_b,
          serial_bayou_lagoon_a, minmay_shallow_snake_nest
D:2:      layout_basic, uniq_robin, uniq_sigmund
D:3:      layout_basic, nicolae_overflow_crystal_walls
D:4:      layout_gridville, chequers_serial_rivers_marsh
D:5:      layout_basic, gammafunk_temple_overflow_elements
D:6:      layout_loops_ring, nicolae_overflow_hidden_temple,
          mainiacjoe_overflow_concentric_impassable
D:7:      layout_basic, mainiacjoe_overflow_small_starburst,
          minmay_temple_entry_junction_2, serial_shops, nicolae_stop_n_shop_2,
          uniq_menkaure
D:8:      layout_basic, jmf_multi_god_temple, minmay_nine_imps, uniq_erica
D:9:      layout_roguey
D:10:     minmay_shrinking_squares, layout_rooms, lair_entry_dummy,
          nicolae_trove_entry_crossroad, kennysheep_just_a_vault
Temple:   dpeg_chambers_temple

Skill      XL: |  1  2  3  4  5  6  7  8  9 10 11 |
---------------+----------------------------------+-----
Invocations    | 1 2 3 4 5 6 |  6.9
Short Blades   | 1 2 3 5 6 |  6.3
Long Blades    | 1 2 3 5 6 |  6.3
Maces & Flails | 1 2 3 5 6 |  6.3
Polearms       | 1 2 3 5 6 |  6.3
Staves         | 1 2 3 5 6 |  6.3
Slings         | 1 2 3 5 6 |  6.3
Bows           | 1 2 3 5 6 |  6.3
Crossbows      | 1 2 3 5 6 |  6.3
Throwing       | 1 2 3 5 6 |  6.3
Dodging        | 1 2 3 5 6 |  6.3
Stealth        | 1 2 3 5 6 |  6.3
Unarmed Combat | 1 2 3 5 6 |  6.3
Spellcasting   | 1 2 3 5 6 |  6.3
Evocations     | 1 2 3 5 6 |  6.3
Conjurations   | 1 2 3 4 5 |  5.2
Hexes          | 1 2 3 4 5 |  5.2
Summonings     | 1 2 3 4 5 |  5.2
Necromancy     | 1 2 3 4 5 |  5.2
Translocations | 1 2 3 4 5 |  5.2
Transmutations | 1 2 3 4 5 |  5.2
Fire Magic     | 1 2 3 4 5 |  5.2
Ice Magic      | 1 2 3 4 5 |  5.2
Air Magic      | 1 2 3 4 5 |  5.2
Earth Magic    | 1 2 3 4 5 |  5.2
Poison Magic   | 1 2 3 4 5 |  5.2
Axes           | 5 6 7 |  7.9
Fighting       | 7 8 9 |  9.2
Armour         | 7 8 9 |  9.2
Shields        | 7 8 9 |  9.2

Action                   |  1- 3 |  4- 6 |  7- 9 | 10-12 || total
-------------------------+-------+-------+-------+-------++-------
Melee: War axe           |   120 |   105 |   253 |   220 ||   698
       Bite              |     8 |     9 |    34 |    40 ||    91
       Hunting sling     |       |       |     1 |       ||     1
       Flail             |       |       |       |    67 ||    67
 Fire: Hunting sling     |       |       |    56 |    25 ||    81
 Cast: Ensorcelled Hiber |       |       |       |     2 ||     2
       Magic Dart        |       |       |       |     1 ||     1
Invok: Heroism           |       |       |       |     3 ||     3
       Finesse           |       |       |       |     1 ||     1
Evoke: Wand              |       |       |       |     4 ||     4
  Use: Potion            |       |     3 |     8 |       ||    11
       Scroll            |       |     2 |     4 |     1 ||     7
Armor: Scale mail        |    65 |       |       |       ||    65
       Chain mail        |    14 |    79 |   181 |   176 ||   450
       Skin              |       |    11 |       |       ||    11
Dodge: Dodged            |    48 |    54 |   135 |   178 ||   415
Block: Buckler           |    37 |    38 |    62 |   106 ||   243
